EL
SAN JOSE GIANTS @ MISSISSIPPI BRAVES
07/26/2048
 
TOP OF THE 1ST
San Jose Giants batting - Pitching for Mississippi Braves : RHP Jeff Olech
Pitching: RHP Jeff Olech
Batting: RHB Cesar Martinez 0-0: Ball
1-0: Foul Ball, location: 2F
1-1: Ground out 5-3 (Groundball, 5, EV 110.0 MPH)
Batting: LHB Mike Roberts 0-0: Called Strike
0-1: Ball
1-1: Foul Ball, location: 2F
1-2: Strikes out swinging
Batting: RHB Troy Trice 0-0: Swinging Strike
0-1: Ball
1-1: Swinging Strike
1-2: Ball
2-2: Foul Ball, location: 2F
2-2: Ground out 1-3 (Groundball, 13, EV 70.6 MPH)
Top of the 1st over - 0 runs, 0 hits, 0 errors, 0 left on base; San Jose 0 - Mississippi 0
BOTTOM OF THE 1ST
Mississippi Braves batting - Pitching for San Jose Giants : LHP Randy Monaco
Pitching: LHP Randy Monaco
Batting: RHB Luis Restrepo 0-0: Swinging Strike
0-1: Ball
1-1: Called Strike
1-2: Ball
2-2: Strikes out swinging
Batting: RHB Justin Reich 0-0: SINGLE (Flyball, 89S, EV 85.0 MPH)
Batting: RHB Zheng-ze King 0-0: Foul Ball, location: 2F
0-1: Ball
1-1: Ball
2-1: 2-RUN HOME RUN (Flyball, 7LD, EV 98.1 MPH), Distance : 363 ft
Batting: RHB Yojiro Hayashi 0-0: Called Strike
0-1: Ground out 5-3 (Groundball, 56, EV 84.4 MPH)
Batting: SHB Jose Melendez 0-0: Called Strike
0-1: Ball
1-1: Foul Ball, location: 2F
1-2: Strikes out swinging
Bottom of the 1st over - 2 runs, 2 hits, 0 errors, 0 left on base; San Jose 0 - Mississippi 2
TOP OF THE 2ND
San Jose Giants batting - Pitching for Mississippi Braves : RHP Jeff Olech
Batting: RHB Zach Maguire 0-0: Ball
1-0: Called Strike
1-1: Ground out U3 (Groundball, 23, EV 93.1 MPH)
Batting: RHB Coen Dirks 0-0: Ball
1-0: Swinging Strike
1-1: SINGLE (Line Drive, 4D, EV 102.5 MPH)
Batting: LHB Gil Caraveo 0-0: Ball
1-0: Called Strike
1-1: Foul Ball, location: 2F
1-2: SINGLE (Line Drive, 4M, EV 107.5 MPH)
Coen Dirks to second
Batting: LHB Joe Hoover 0-0: Foul Ball, location: 2F
0-1: Called Strike
0-2: Foul Ball, location: 2F
0-2: Ground out 5-3 (Groundball, 56S, EV 62.5 MPH)
Coen Dirks to third
Gil Caraveo to second
Batting: RHB Bob Schweiger 0-0: Ball
1-0: Swinging Strike
1-1: Ball
2-1: Ball
3-1: Fly out, F7 (Flyball, 7D, EV 105.6 MPH)
Top of the 2nd over - 0 runs, 2 hits, 0 errors, 2 left on base; San Jose 0 - Mississippi 2
BOTTOM OF THE 2ND
Mississippi Braves batting - Pitching for San Jose Giants : LHP Randy Monaco
Batting: RHB Jordan Martin 0-0: Ball
1-0: Ball
2-0: Ground out 4-3 (Groundball, 4, EV 86.2 MPH)
Batting: RHB Tim Molchan 0-0: Ball
1-0: Ball
2-0: Ball
3-0: Called Strike
3-1: SINGLE (Flyball, 8LS, EV 91.2 MPH)
Batting: LHB Luis Cruz 0-0: Called Strike
0-1: Swinging Strike
0-2: Foul Ball, location: 2F
0-2: Ball
1-2: Ball
2-2: Ball
3-2: Base on Balls
Tim Molchan to second
Batting: RHB Alex Velasquez 0-0: DOUBLE (Line Drive, 78XD, EV 110.6 MPH)
Tim Molchan scores
Luis Cruz to third
Batting: RHB Luis Restrepo 0-0: Ball
1-0: Swinging Strike
1-1: Fly out, F9 (Flyball, 89S, EV 88.8 MPH)
Batting: RHB Justin Reich 0-0: Called Strike
0-1: Swinging Strike
0-2: Foul Ball, location: 2F
0-2: Foul Ball, location: 2F
0-2: Ball
1-2: Ball
Passed Ball!
Luis Cruz scores
Alex Velasquez to third
2-2: Ball
3-2: Foul Ball, location: 2F
3-2: Ground out 5-3 (Groundball, 56, EV 86.9 MPH)
Bottom of the 2nd over - 2 runs, 2 hits, 0 errors, 1 left on base; San Jose 0 - Mississippi 4
TOP OF THE 3RD
San Jose Giants batting - Pitching for Mississippi Braves : RHP Jeff Olech
Batting: RHB Gary Sampson 0-0: Ball
1-0: Foul Ball, location: 2F
1-1: Ground out 3-1 (Groundball, 34S, EV 65.6 MPH)
Batting: RHB Cesar Martinez 0-0: Swinging Strike
0-1: Foul Ball, location: 2F
0-2: Ball
1-2: Foul Ball, location: 2F
1-2: SINGLE (Groundball, 56S, EV 71.2 MPH) (infield hit)
Batting: LHB Mike Roberts 0-0: Called Strike
Cesar Martinez is caught stealing 2nd base 2-6
0-1: Ball
1-1: Called Strike
1-2: Ground out 4-3 (Groundball, 4, EV 90.0 MPH)
Top of the 3rd over - 0 runs, 1 hit, 0 errors, 0 left on base; San Jose 0 - Mississippi 4
BOTTOM OF THE 3RD
Mississippi Braves batting - Pitching for San Jose Giants : LHP Randy Monaco
Batting: RHB Zheng-ze King 0-0: Called Strike
0-1: Called Strike
0-2: Foul Ball, location: 2F
0-2: Strikes out swinging
Batting: RHB Yojiro Hayashi 0-0: Fly out, F9 (Flyball, 89D, EV 98.8 MPH)
Batting: SHB Jose Melendez 0-0: Called Strike
0-1: Ground out 4-3 (Groundball, 4M, EV 85.0 MPH)
Bottom of the 3rd over - 0 runs, 0 hits, 0 errors, 0 left on base; San Jose 0 - Mississippi 4
TOP OF THE 4TH
San Jose Giants batting - Pitching for Mississippi Braves : RHP Jeff Olech
Batting: RHB Troy Trice 0-0: Ball
1-0: Ball
2-0: Ball
3-0: Base on Balls
Batting: RHB Zach Maguire 0-0: Ball
1-0: Swinging Strike
1-1: Ball
2-1: Fly out, F7 (Flyball, 7S, EV 88.8 MPH)
Batting: RHB Coen Dirks 0-0: Called Strike
0-1: Fielders Choice at 2nd, 4-6 (Groundball, 34, EV 86.2 MPH)
Batting: LHB Gil Caraveo 0-0: Foul Ball, location: 2F
0-1: Ball
1-1: Fly out, F4 (Popup, 34, EV 73.1 MPH)
Top of the 4th over - 0 runs, 0 hits, 0 errors, 1 left on base; San Jose 0 - Mississippi 4
BOTTOM OF THE 4TH
Mississippi Braves batting - Pitching for San Jose Giants : LHP Randy Monaco
Batting: RHB Jordan Martin 0-0: Foul Ball, location: 2F
0-1: Ball
1-1: Ball
2-1: Foul Ball, location: 2F
2-2: Ball
3-2: Base on Balls
Batting: RHB Tim Molchan 0-0: Called Strike
0-1: Ball
1-1: Ball
2-1: Called Strike
2-2: Foul Ball, location: 2F
2-2: Ball
3-2: Foul Ball, location: 2F
3-2: Base on Balls
Jordan Martin to second
Batting: LHB Luis Cruz 0-0: Fly out, F7 (Flyball, 78M, EV 92.5 MPH)
Batting: RHB Alex Velasquez 0-0: Ball
1-0: SINGLE (Line Drive, 78S, EV 106.9 MPH)
Jordan Martin to third
Tim Molchan to second
Batting: RHB Luis Restrepo 0-0: Ball
1-0: Called Strike
1-1: Swinging Strike
1-2: GRAND SLAM HOME RUN (Flyball, 7D, EV 96.9 MPH), Distance : 380 ft
Pitching: RHP Hiroaki Yazawa
Batting: RHB Justin Reich 0-0: Ball
1-0: Ball
2-0: Called Strike
2-1: Fly out, F9 (Flyball, 89S, EV 93.8 MPH)
Batting: RHB Zheng-ze King 0-0: Called Strike
0-1: Ball
1-1: Fly out, F8 (Flyball, 8RD, EV 99.4 MPH)
Bottom of the 4th over - 4 runs, 2 hits, 0 errors, 0 left on base; San Jose 0 - Mississippi 8
TOP OF THE 5TH
San Jose Giants batting - Pitching for Mississippi Braves : RHP Jeff Olech
Batting: LHB Joe Hoover 0-0: Called Strike
0-1: Foul Ball, location: 2F
0-2: Fly out, F8 (Flyball, 8LM, EV 83.1 MPH)
Batting: RHB Bob Schweiger 0-0: Called Strike
0-1: Ball
1-1: Ball
2-1: Foul Ball, location: 2F
2-2: Foul Ball, location: 2F
2-2: Ball
3-2: Fly out, F8 (Line Drive, 8RM, EV 87.5 MPH)
Batting: RHB Gary Sampson 0-0: Ball
1-0: Swinging Strike
1-1: Ground out 6-3 (Groundball, 6M, EV 85.0 MPH)
Top of the 5th over - 0 runs, 0 hits, 0 errors, 0 left on base; San Jose 0 - Mississippi 8
BOTTOM OF THE 5TH
Mississippi Braves batting - Pitching for San Jose Giants : RHP Hiroaki Yazawa
Batting: RHB Yojiro Hayashi 0-0: Ball
1-0: Called Strike
1-1: Ball
2-1: Called Strike
2-2: Ball
3-2: Base on Balls
Batting: SHB Jose Melendez 0-0: Called Strike
0-1: Ball
1-1: Fielders Choice at 2nd, 2-4 (Groundball, 2L, EV 73.1 MPH)
Batting: RHB Jordan Martin 0-0: Called Strike
0-1: Called Strike
0-2: Fielders Choice at 2nd, 5-4 (Groundball, 56, EV 90.0 MPH)
Batting: RHB Tim Molchan 0-0: Called Strike
Jordan Martin steals 2nd base
0-1: Ball
1-1: Swinging Strike
1-2: Foul Ball, location: 2F
1-2: Ball
2-2: Ground out 6-3 (Groundball, 6, EV 103.8 MPH)
Bottom of the 5th over - 0 runs, 0 hits, 0 errors, 1 left on base; San Jose 0 - Mississippi 8
TOP OF THE 6TH
San Jose Giants batting - Pitching for Mississippi Braves : RHP Jeff Olech
Batting: RHB Cesar Martinez 0-0: Ball
1-0: Called Strike
1-1: Ball
2-1: Ball
3-1: Called Strike
3-2: SOLO HOME RUN (Flyball, 7D, EV 97.5 MPH), Distance : 375 ft
Batting: LHB Mike Roberts 0-0: Called Strike
0-1: Ground out 6-3 (Groundball, 6, EV 81.2 MPH)
Batting: RHB Troy Trice 0-0: Ball
1-0: Ball
2-0: Ball
3-0: Ground out 5-3 (Groundball, 56S, EV 68.1 MPH)
Batting: RHB Zach Maguire 0-0: Foul Ball, location: 2F
0-1: Fly out, F8 (Line Drive, 8RM, EV 98.1 MPH)
Top of the 6th over - 1 run, 1 hit, 0 errors, 0 left on base; San Jose 1 - Mississippi 8
BOTTOM OF THE 6TH
Mississippi Braves batting - Pitching for San Jose Giants : RHP Hiroaki Yazawa
Batting: LHB Luis Cruz 0-0: Foul Ball, location: 2F
0-1: Ball
1-1: Ball
2-1: Ground out 4-3 (Groundball, 4M, EV 88.1 MPH)
Batting: RHB Alex Velasquez 0-0: Ball
1-0: Called Strike
1-1: Called Strike
1-2: Strikes out swinging
Batting: RHB Luis Restrepo 0-0: Called Strike
0-1: Called Strike
0-2: Strikes out swinging
Bottom of the 6th over - 0 runs, 0 hits, 0 errors, 0 left on base; San Jose 1 - Mississippi 8
TOP OF THE 7TH
San Jose Giants batting - Pitching for Mississippi Braves : RHP Jeff Olech
Batting: RHB Coen Dirks 0-0: Ball
1-0: Foul Ball, location: 2F
1-1: Called Strike
1-2: Ground out 1-3 (Groundball, 34S, EV 75.6 MPH)
Batting: LHB Gil Caraveo 0-0: Called Strike
0-1: Ball
1-1: Called Strike
1-2: Foul Ball, location: 2F
1-2: Ball
2-2: Strikes out swinging
Batting: LHB Joe Hoover 0-0: Ball
1-0: Foul Ball, location: 2F
1-1: Swinging Strike
1-2: Foul Ball, location: 2F
1-2: Ball
2-2: Ground out 4-3 (Groundball, 4M, EV 90.6 MPH)
Top of the 7th over - 0 runs, 0 hits, 0 errors, 0 left on base; San Jose 1 - Mississippi 8
BOTTOM OF THE 7TH
Mississippi Braves batting - Pitching for San Jose Giants : RHP Hiroaki Yazawa
Pinch Hitting: RHB Adrian Billups 0-0: Called Strike
0-1: Ball
1-1: Called Strike
1-2: SINGLE (Groundball, 34D, EV 97.5 MPH)
Pitching: RHP Peter Ellis
Batting: RHB Zheng-ze King 0-0: Ball
1-0: Ball
Adrian Billups steals 2nd base
2-0: 2-RUN HOME RUN (Flyball, 7D, EV 96.2 MPH), Distance : 373 ft
Batting: RHB Yojiro Hayashi 0-0: Called Strike
0-1: Ball
1-1: Fly out, F8 (Flyball, 78D, EV 93.1 MPH)
Pinch Hitting: RHB Ingidayehu Lagat 0-0: Ball
1-0: Foul Ball, location: 2F
1-1: Called Strike
1-2: Ground out 4-3 (Groundball, 4, EV 88.1 MPH)
Batting: RHB Jordan Martin 0-0: Foul Ball, location: 2F
0-1: Ground out 4-3 (Groundball, 4, EV 86.2 MPH)
Bottom of the 7th over - 2 runs, 2 hits, 0 errors, 0 left on base; San Jose 1 - Mississippi 10
TOP OF THE 8TH
San Jose Giants batting - Pitching for Mississippi Braves : RHP Jeff Olech
Pitching: RHP Frank Diaz
Now at 2B: Ingidayehu Lagat
Now at 3B: Adrian Billups
Now in LF: Zheng-ze King
Now in CF: Yojiro Hayashi
Batting: RHB Bob Schweiger 0-0: Foul Ball, location: 2F
0-1: Swinging Strike
0-2: Ground out U3 (Groundball, 3S, EV 82.5 MPH)
Pinch Hitting: LHB Steve Nevis 0-0: Foul Ball, location: 2F
0-1: Foul Ball, location: 2F
0-2: Ball
1-2: Strikes out swinging
Batting: RHB Cesar Martinez 0-0: Ball
1-0: Ball
2-0: Ball
3-0: Base on Balls
Pinch Hitting: RHB Ruben Irizarry 0-0: Ball
1-0: Swinging Strike
1-1: Foul Ball, location: 2F
1-2: Ball
2-2: Strikes out swinging
Top of the 8th over - 0 runs, 0 hits, 0 errors, 1 left on base; San Jose 1 - Mississippi 10
BOTTOM OF THE 8TH
Mississippi Braves batting - Pitching for San Jose Giants : RHP Peter Ellis
Now at 1B: Ruben Irizarry
Now at 3B: Teruhide Horiuchi
Batting: RHB Tim Molchan 0-0: Ball
1-0: Foul Ball, location: 2F
1-1: Reached on error, E5 (Groundball, 5L, EV 108.8 MPH)
Batting: LHB Luis Cruz 0-0: Ball
1-0: Called Strike
1-1: Ball
2-1: Foul Ball, location: 2F
2-2: Foul Ball, location: 2F
2-2: Fielders Choice at 2nd, 5-4 (Groundball, 56S, EV 83.8 MPH)
Pitching: LHP Christian Rogers
Batting: RHB Alex Velasquez 0-0: Called Strike
0-1: SINGLE (Groundball, 56D, EV 105.0 MPH)
Luis Cruz to second
Batting: RHB Luis Restrepo 0-0: Foul Ball, location: 2F
0-1: Swinging Strike
0-2: Fly out, F9 (Flyball, 9LM, EV 95.0 MPH)
Batting: RHB Adrian Billups 0-0: Ground out 5-3 (Groundball, 56S, EV 88.1 MPH)
Bottom of the 8th over - 0 runs, 1 hit, 1 error, 2 left on base; San Jose 1 - Mississippi 10
TOP OF THE 9TH
San Jose Giants batting - Pitching for Mississippi Braves : RHP Frank Diaz
Batting: RHB Troy Trice 0-0: Ball
1-0: Ball
2-0: Called Strike
2-1: Called Strike
2-2: Ball
3-2: Foul Ball, location: 2F
3-2: Base on Balls
Batting: RHB Zach Maguire 0-0: Called Strike
0-1: Called Strike
0-2: Fly out, F8 (Flyball, 89D, EV 99.4 MPH)
Batting: RHB Coen Dirks 0-0: Foul Ball, location: 2F
0-1: Swinging Strike
0-2: Strikes out looking
Batting: LHB Gil Caraveo 0-0: Called Strike
0-1: Reached on error, E5 (Groundball, 56, EV 85.0 MPH)
Troy Trice to second
Batting: LHB Joe Hoover 0-0: Ball
1-0: Swinging Strike
1-1: Called Strike
1-2: Fly out, F4 (Line Drive, 4, EV 74.4 MPH)
Top of the 9th over - 0 runs, 0 hits, 1 error, 2 left on base; San Jose 1 - Mississippi 10
Tuesday, March 28th , 2023 - OOTP Baseball 23.10 Build 110